 Dungeon Crawl Stone Soup version 0.19-a0-1720-gc855d72 (webtiles) character file.

50 kae the Skirmisher (level 4, 0/37 HPs)
             Began as a Formicid Fighter on Sept 29, 2016.
             Slain by a gnoll
             ... wielding a +0 halberd
              (1 damage)
             ... on level 2 of the Dungeon.
             The game lasted 00:01:15 (1407 turns).

kae the Skirmisher (Formicid Fighter)               Turns: 1407, Time: 00:01:17

Health: 0/37       AC:  7    Str: 18 (21) XL:     4   Next: 4%
Magic:  4/4        EV:  7    Int:  6 (8)  God:
Gold:   38         SH:  8    Dex:  7 (10) Spells: 0 memorised, 3 levels left

rFire  . . .     SeeInvis +     a - +0 long sword
rCold  . . .     Gourm    .     b - +0 scale mail
rNeg   . . .     Faith    .     c - +0 shield
rPois  .         Spirit   .     (helmet unavailable)
rElec  .         Dismiss  .     (no cloak)
rCorr  .         Reflect  .     (no gloves)
MR     .....     Harm     .     (no boots)
Stlth  ..........               (no amulet)
                                (no ring)
                                (no ring)

@: lethally poisoned (0 -> -7)
A: permanent stasis, dig shafts and tunnels, four strong arms, antennae 3
a: Dig, Shaft Self


You were on level 2 of the Dungeon.
You were hungry.

You visited 1 branch of the dungeon, and saw 2 of its levels.

You collected 38 gold pieces.

Inventory:

Hand Weapons
 a - a +0 long sword (weapon)
Armour
 b - a +0 scale mail (worn)
 c - a +0 shield (worn)
Scrolls
 e - 2 scrolls of identify {unknown}
 i - a scroll of recharging {unknown}
 j - a scroll of remove curse {unknown}
 l - a scroll of random uselessness {unknown}
 m - a scroll of enchant weapon {unknown}
Potions
 d - a potion of might
 h - a potion of lignification {unknown}
 o - a potion of curing {unknown}
Comestibles
 f - 2 bread rations
 g - 2 slices of pizza
 n - 3 beef jerkies


   Skills:
 + Level 4.0 Fighting
 * Level 3.4 Long Blades
 - Level 3.2 Armour
 - Level 3.6 Shields


You had 3 spell levels left.
You didn't know any spells.

Dungeon Overview and Level Annotations

Branches:
Dungeon (2/15)

Altars:


Innate Abilities, Weirdness & Mutations

You are under a permanent stasis effect.
You can dig through walls and to a lower floor.
Your four strong arms can wield two-handed weapons with a shield.
You have a pair of large antennae on your head. (SInv)


Message History

The gnoll shouts!
You block the adder's attack. You block the gnoll's attack.
You miss the adder.
You feel sick. The adder barely misses you.
The gnoll hits you from afar with a halberd!
You block the adder's attack.
You hit the adder.
The adder is lightly wounded.
The adder bites you.
You are more poisoned.
The adder poisons you!
The gnoll hits you from afar with a halberd!
* * * LOW HITPOINT WARNING * * *
You are too injured to fight recklessly!
It was a potion of degeneration.
There was something very wrong with that liquid.
You feel weakened.
You feel dopey.
You feel clumsy.
* * * LOW HITPOINT WARNING * * *
You feel sick. The adder bites you but does no damage.
The gnoll hits you from afar with a halberd.
You die...

.........# { ...#######
{ ...# ...# ...#
...##########
............#
............########g#.#
............##..@Sggr...
............##.#####.#.#
............##.#
...###########.# ...#
#.# #### #.# #.# #.# #.#


You could see 3 gnolls, an adder and a rat.

Vanquished Creatures
  2 adders (D:2)
  A dart slug (D:2)
  2 leopard geckos (D:1)
  3 bats
  3 giant cockroaches
  4 goblins
  3 hobgoblins (D:1)
  2 frilled lizards (D:1)
  3 kobolds (D:1)
  4 rats (D:1)
27 creatures vanquished.

Notes
Turn   | Place    | Note
-------+----------+-------------------------------------------
     0 | D:1      | kae the Formicid Fighter began the quest for the Orb.
     0 | D:1      | Reached XP level 1. HP: 18/18 MP: 1/1
   294 | D:1      | Reached XP level 2. HP: 22/24 MP: 2/2
   733 | D:1      | Reached XP level 3. HP: 30/30 MP: 3/3
  1181 | D:2      | Reached skill level 4 in Fighting
  1181 | D:2      | Reached XP level 4. HP: 37/37 MP: 4/4
  1407 | D:2      | HP: 1/37 [poisoned by an adder]
  1407 | D:2      | Slain by a gnoll

Vault maps used:
D:1:      grunt_arrival_lava_bath

Skill      XL: |  1  2  3 |
---------------+----------+-----
Long Blades    | 3 |  3.4
Fighting       | 4 |  4.0
Armour         | |  3.2
Shields        | |  3.6

Action                   |  1- 3 |  4- 6 || total
-------------------------+-------+-------++-------
Melee: Long sword        |    82 |    16 ||    98
  Use: Potion            |       |     1 ||     1
  Eat: Chunk             |       |     1 ||     1
Armor: Scale mail        |    37 |     3 ||    40
Dodge: Dodged            |    29 |     6 ||    35
Block: Shield            |    34 |    10 ||    44
